 Dungeon Crawl Stone Soup version 0.25-a0-41-g6cf4ce537d (webtiles) character file.

Game seed: 16545748308251445837, levelgen mode: deterministic

33 Chiseanne the Skirmisher (level 3, -5/29 HPs)
             Began as a Demonspawn Wanderer on Oct 21, 2019.
             Slain by a gnoll
             ... wielding a +0 halberd
              (10 damage)
             ... on level 2 of the Dungeon.
             The game lasted 00:01:46 (1118 turns).

Chiseanne the Skirmisher (Demonspawn Wanderer)      Turns: 1118, Time: 00:01:46

Health: -5/29      AC:  8    Str: 11    XL:     3   Next: 12%
Magic:  6/6        EV:  9    Int: 14    God:
Gold:   54         SH:  0    Dex: 13    Spells: 6/6 levels left

rFire    . . .     SeeInvis .   a - +2 mace
rCold    . . .     Gourm    .   (no shield)
rNeg     . . .     Faith    .   k - +0 scale mail
rPois    .         Spirit   .   (no helmet)
rElec    .         Reflect  .   (no cloak)
rCorr    .         Harm     .   (no gloves)
MR       .....                  (no boots)
Stlth    ..........             (no amulet)
HPRegen  0.09/turn              (no ring)
MPRegen  0.10/turn              (no ring)

@: no status effects
A: hooves 1, thin metallic scales 1
a: no special abilities


You were on level 2 of the Dungeon.
You were not hungry.

You visited 1 branch of the dungeon, and saw 2 of its levels.

You collected 54 gold pieces.

Inventory:

Hand Weapons
 a - a +2 mace (weapon)
 h - a +2 dagger of flaming
Missiles
 c - 24 arrows
 e - 16 poisoned darts
 f - 46 stones (quivered)
Armour
 k - a +0 scale mail (worn)
Scrolls
 b - a scroll of teleportation {unknown}
 i - a scroll of magic mapping {unknown}
 j - a scroll of identify
 n - 2 scrolls of enchant armour {unknown}
Potions
 g - a potion of haste {unknown}
 l - a potion of flight {unknown}
 m - a potion of might {unknown}
 o - a potion of magic {unknown}
Comestibles
 d - 3 rations
 p - 3 chunks of flesh


   Skills:
 * Level 3.5 Fighting
 - Level 1.0 Maces & Flails
 - Level 1.0 Throwing
 * Level 1.2 Armour
 * Level 1.3 Dodging
 - Level 1.0 Stealth
 + Level 2.2 Spellcasting
   Level 1.0 Hexes


You had 6 spell levels left.
You didn't know any spells.
Your spell library contained the following spells:

 Spells                   Type           Power        Failure   Level  Hunger
 Corpse Rot               Necr           N/A          91%         2    ###....
 Sublimation of Blood     Necr           #.........   91%         2    ###....


Dungeon Overview and Level Annotations

Branches:
Dungeon (2/15)

Altars:


Innate Abilities, Weirdness & Mutations

You have large cloven feet.
You are partially covered in thin metallic scales. (AC +2)


Message History

The kobold shouts!
The kobold throws a stone.
The stone hits you.
You see here a stone.
A kobold is nearby!
Throwing (i - inventory. (/) - cycle)
f - 47 stones (quivered)
Press: ? - help, Shift-Dir - straight line, f - kobold
Aim: a kobold You throw a stone.
The stone hits the kobold but does no damage.
The kobold throws a stone.
The stone hits you but does no damage.
The kobold throws a stone.
The stone barely misses you.
A kobold comes into view.
You see here a robe.
The kobold shouts!
The gnoll hits you from afar with a +0 halberd!
The gnoll hits you from afar with a +0 halberd!
* * * LOW HITPOINT WARNING * * *
There is a stone staircase leading up here.
The gnoll hits you from afar with a +0 halberd!
You die...

.(...... gg
#...##.. g#
#...##># !####
#.K.##.###g...+
#K..##.##.....#
#...##.##g###.#
#.[.##.g...#
#.((##.##..#
#@.g##.....##
##.รท...#....#
#........).#
#.#####..#.#...
#.# #.......#
#.# #.#####...
#.. ... ... ###
##.#. .. #.#.#
.


You could see a gnoll and 2 kobolds.

Vanquished Creatures
  3 dart slugs (D:1)
  2 leopard geckos (D:1)
  6 bats
  4 goblins (D:1)
  A hobgoblin (D:2)
  3 frilled lizards
  2 kobolds (D:1)
  4 rats (D:1)
25 creatures vanquished.

Notes
Turn   | Place    | Note
-------+----------+-------------------------------------------
     0 | D:1      | Chiseanne the Demonspawn Wanderer began the quest for the
                  | Orb.
     0 | D:1      | Chiseanne set off with the following items: a +2 mace, a +0
                  | robe, a ration; and the following spells available to
                  | memorise: Corpse Rot, Sublimation of Blood
     0 | D:1      | Reached XP level 1. HP: 18/18 MP: 3/3
   226 | D:1      | Gained mutation: You are partially covered in thin metallic
                  | scales. (AC +2) [demonic ancestry]
   226 | D:1      | Reached XP level 2. HP: 19/24 MP: 5/5
   387 | D:1      | Reached skill level 1 in Dodging
   911 | D:1      | Gained mutation: You have large cloven feet. [demonic
                  | ancestry]
   911 | D:1      | Reached XP level 3. HP: 21/29 MP: 6/6
  1118 | D:2      | Slain by a gnoll

Levels and vault maps discovered:
D:1:      enne_arrival_octagon_isle, layout_basic
D:2:      layout_basic, chequers_avenue, uniq_jessica

Skill      XL: |  1  2 |
---------------+-------+-----
Dodging        | 1 |  1.3
Fighting       | |  3.5
Maces & Flails | |  1.0
Throwing       | |  1.0
Armour         | |  1.2
Stealth        | |  1.0
Spellcasting   | |  2.2
Hexes          | |  1.0

Action                   || total
-------------------------++-------
Melee: Mace              ||    64
       Kick              ||     1
Throw: Stone             ||     1
  Use: Scroll            ||     1
 Stab: Sleeping          ||     1
  Eat: Chunk             ||     1
Armor: Robe              ||    11
       Scale mail        ||    30
Dodge: Dodged            ||    42

Table legend:
 A = Non-vault XP
 B = Vault XP
 C = Vault XP percentage of total XP
 D = Non-vault monster count
 E = Vault monster count
 F = Vault count percentage of total count
                 A         B        C        D         E       F
            +---------+---------+-------+---------+---------+-------
      Total |      48 |       0 |   0.0 |      25 |       0 |   0.0
            +---------+---------+-------+---------+---------+-------
        D:1 |      43 |       0 |   0.0 |      22 |       0 |   0.0
        D:2 |       5 |       0 |   0.0 |       3 |       0 |   0.0
            +---------+---------+-------+---------+---------+-------
